 Dungeon Crawl Stone Soup version 0.26-a0-663-g36e8fdb655 (webtiles) character file.

Game seed: 17061521466565906008

170 jiml777 the Grasshopper (level 5, -2/43 HPs)
             Began as a Gnoll Warper on Oct 10, 2020.
             Slain by a gnoll
             ... wielding a +0 flail
              (9 damage)
             ... on level 3 of the Dungeon.
             The game lasted 00:11:21 (2926 turns).

jiml777 the Grasshopper (Gnoll Warper)              Turns: 2926, Time: 00:11:21

Health: -2/43      AC:  2    Str: 13    XL:     5   Next: 51%
Magic:  12/12      EV: 14    Int: 16    God:
Gold:   129        SH:  0    Dex: 15    Spells: 14/14 levels left

rFire    . . .     SeeInvis .   v - +1 spear (venom)
rCold    . . .     Faith    .   (no shield)
rNeg     + . .     Spirit   .   k - -2 leather armour (curse)
rPois    .         Reflect  .   q - +0 helmet
rElec    .         Harm     .   (no cloak)
rCorr    .         Rampage  .   (no gloves)
MR       .....                  (no boots)
Stlth    ++........             (no amulet)
HPRegen  0.14/turn              n - ring of positive energy
MPRegen  0.13/turn              (no ring)

@: no status effects
A: distributed training, fangs 1, strong nose
a: no special abilities


You were on level 3 of the Dungeon.
You visited 1 branch of the dungeon, and saw 3 of its levels.

You collected 129 gold pieces.

Inventory:

Hand Weapons
 a - a +1 spear
 v - a +1 spear of venom (weapon)
Missiles
 e - 5 boomerangs of dispersal
 j - 41 arrows
 o - 11 poisoned darts (quivered)
 s - 20 sling bullets
Armour
 b - a +1 leather armour
 k - a cursed -2 leather armour (worn)
 q - a +0 helmet (worn)
 u - a +0 ring mail
Jewellery
 h - an uncursed ring of ice
 n - a ring of positive energy (left hand)
Wands
 m - a wand of polymorph (7)
Scrolls
 d - 2 scrolls of blinking
 f - a scroll of amnesia
 g - 2 scrolls of fear
Potions
 c - a potion of resistance
 i - a potion of lignification {unknown}
 l - a potion of berserk rage {unknown}
 p - a potion of degeneration {unknown}
 r - a potion of curing {unknown}
 t - a potion of flight {unknown}


   Skills:
 + Level 4.8 Fighting
 + Level 1.5 Short Blades
 + Level 1.5 Long Blades
 + Level 1.5 Axes
 + Level 1.5 Maces & Flails
 + Level 4.8 Polearms
 + Level 1.5 Staves
 + Level 1.5 Slings
 + Level 1.5 Bows
 + Level 1.5 Crossbows
 + Level 3.0 Throwing
 + Level 3.0 Armour
 + Level 4.8 Dodging
 + Level 1.5 Stealth
 + Level 1.5 Shields
 + Level 1.5 Unarmed Combat
 + Level 5.2 Spellcasting
 + Level 1.2 Conjurations
 + Level 1.2 Hexes
 + Level 1.2 Summonings
 + Level 1.2 Necromancy
 + Level 5.5 Translocations
 + Level 1.2 Transmutations
 + Level 1.2 Fire Magic
 + Level 1.2 Ice Magic
 + Level 1.2 Air Magic
 + Level 1.2 Earth Magic
 + Level 1.2 Poison Magic
 + Level 1.7 Invocations
 + Level 1.5 Evocations


You had 14 spell levels left.
You didn't know any spells.
Your spell library contained the following spells:

 Spells                   Type           Power        Failure   Level
 Blink                    Tloc           N/A          3%          2
 Gell's Gravitas          Tloc           ###.......   6%          3
 Lesser Beckoning         Tloc           ###.......   6%          3
 Teleport Other           Tloc           ###.....     6%          3
 Passage of Golubria      Tloc           N/A          19%         4


Dungeon Overview and Level Annotations

Branches:
Dungeon (3/15)

Altars:


Innate Abilities, Weirdness & Mutations

Your experience applies equally to all skills.
You have very sharp teeth.
Your uncanny sense of smell can sniff out nearby items.


Message History

Okay, then.
Your +1 spear of venom begins to drip with poison!
v - a +1 spear of venom (weapon)
Evoke which item? (* to show all) (? for menu, Esc to quit)
Attack whom?
Press: ? - help, Dir - move target cursor, f - gnoll
Aim: a gnoll, wielding a +0 flail (almost dead, fleeing)
You reach to attack!
You hit the gnoll.
You kill the gnoll!
You feel sick.
You are no longer poisoned.
You start resting.
A gnoll is nearby!
You are too injured to fight recklessly!
You hit the gnoll.
The gnoll is poisoned.
Your attack snaps the gnoll out of its fear.
Your bite misses the gnoll.
The gnoll is moderately wounded.
The gnoll hits you with a +0 flail!
You die...

#...........#.#.# #.
#...#######.#.#.# #.
#..(# #.#.#.# #.
#.#(# #.....####.
#.#.# #..........
######.#.#
#.#.######.
#........# #.#.# #.
#.####.#g#######.#.#
#. #.#
#.#)@)......#.# #<
#.# #.#.###.#####.#
#. #.# #.#.###.#
#.######. #.#
#..#)...# #........
#.# ###.#####
######### #.######.#
#........#
##########


You could see a gnoll (very poisoned).

Vanquished Creatures
  An orc priest (D:3)
  Robin (D:2)
  3 gnolls (D:3)
  An adder (D:2)
  An ooze (D:2)
  2 worms (D:2)
  3 dart slugs
  A leopard gecko (D:2)
  3 orcs (D:3)
  A ball python (D:1)
  4 giant cockroaches
  10 goblins (D:2)
  10 hobgoblins
  3 jackals (D:1)
  7 bats
  5 frilled lizards
  13 kobolds
  6 rats
75 creatures vanquished.

Notes
Turn   | Place    | Note
-------+----------+-------------------------------------------
     0 | D:1      | jiml777 the Gnoll Warper began the quest for the Orb.
     0 | D:1      | Reached XP level 1. HP: 20/20 MP: 6/6
   186 | D:1      | Reached XP level 2. HP: 23/26 MP: 7/7
   671 | D:1      | Reached XP level 3. HP: 28/31 MP: 9/9
   676 | D:1      | Reached skill level 5 in Spellcasting
  1173 | D:2      | Reached skill level 1 in Invocations
  1200 | D:2      | Reached skill level 1 in Short Blades
  1200 | D:2      | Reached skill level 1 in Long Blades
  1200 | D:2      | Reached skill level 1 in Axes
  1200 | D:2      | Reached skill level 1 in Maces & Flails
  1200 | D:2      | Reached skill level 1 in Staves
  1200 | D:2      | Reached skill level 1 in Slings
  1200 | D:2      | Reached skill level 1 in Bows
  1200 | D:2      | Reached skill level 1 in Crossbows
  1200 | D:2      | Reached skill level 1 in Stealth
  1200 | D:2      | Reached skill level 1 in Shields
  1200 | D:2      | Reached skill level 1 in Unarmed Combat
  1200 | D:2      | Reached skill level 1 in Evocations
  1217 | D:2      | Reached XP level 4. HP: 24/38 MP: 11/11
  1458 | D:2      | Noticed Robin
  1528 | D:2      | Killed Robin
  1856 | D:2      | Reached skill level 1 in Conjurations
  1856 | D:2      | Reached skill level 1 in Hexes
  1856 | D:2      | Reached skill level 1 in Summonings
  1856 | D:2      | Reached skill level 1 in Necromancy
  1856 | D:2      | Reached skill level 1 in Transmutations
  1856 | D:2      | Reached skill level 1 in Fire Magic
  1856 | D:2      | Reached skill level 1 in Ice Magic
  1856 | D:2      | Reached skill level 1 in Air Magic
  1856 | D:2      | Reached skill level 1 in Earth Magic
  1856 | D:2      | Reached skill level 1 in Poison Magic
  2477 | D:3      | Reached XP level 5. HP: 23/43 MP: 12/12
  2926 | D:3      | Slain by a gnoll

Illustrated notes

Levels and vault maps discovered:
D:1:      giann_forest_graveyard, layout_rooms, minmay_tall_x
D:2:      layout_loops_ring, uniq_robin
D:3:      layout_loops_ring, ebering_ghost_inner_flame

Skill      XL: |  1  2  3  4  5 |
---------------+----------------+-----
Spellcasting   | 5 |  5.2
Invocations    | 1 |  1.7
Short Blades   | 1 |  1.5
Long Blades    | 1 |  1.5
Axes           | 1 |  1.5
Maces & Flails | 1 |  1.5
Staves         | 1 |  1.5
Slings         | 1 |  1.5
Bows           | 1 |  1.5
Crossbows      | 1 |  1.5
Stealth        | 1 |  1.5
Shields        | 1 |  1.5
Unarmed Combat | 1 |  1.5
Evocations     | 1 |  1.5
Conjurations   | 1 |  1.2
Hexes          | 1 |  1.2
Summonings     | 1 |  1.2
Necromancy     | 1 |  1.2
Transmutations | 1 |  1.2
Fire Magic     | 1 |  1.2
Ice Magic      | 1 |  1.2
Air Magic      | 1 |  1.2
Earth Magic    | 1 |  1.2
Poison Magic   | 1 |  1.2
Throwing       | 3 |  3.0
Armour         | 3 |  3.0
Fighting       | |  4.8
Polearms       | |  4.8
Dodging        | |  4.8
Translocations | |  5.5

Action                   |  1- 3 |  4- 6 || total
-------------------------+-------+-------++-------
Melee: Spear             |   136 |   135 ||   271
       Bite              |    12 |    16 ||    28
       Punch             |       |     1 ||     1
Throw: Dart              |       |     6 ||     6
  Use: Scroll            |     7 |     2 ||     9
 Stab: Sleeping          |       |     1 ||     1
Armor: Leather armour    |    21 |     8 ||    29
Dodge: Dodged            |    75 |    56 ||   131

Table legend: (Time is in decaauts)
 A = Elapsed time spent in this place.
 B = Non-inter-level travel time spent in this place.
 C = Inter-level travel time spent in this place.
 D = Time resting spent in this place.
 E = Time spent auto-exploring this place.
 F = Levels seen in this place.
 G = Mean time per level.
                   A        B        C        D        E       F      G
               +--------+--------+--------+--------+--------+-----+--------+
         Total |   2888 |   2851 |     37 |   1060 |    856 |   3 |  962.7 |
       Dungeon |   2888 |   2851 |     37 |   1060 |    856 |   3 |  962.7 |
               +--------+--------+--------+--------+--------+-----+--------+

Top non-repeatable levels by time:
     D:2: 1427 daAuts
     D:1: 973 daAuts
     D:3: 488 daAuts
